 Dungeon Sprint DCSS version 0.27-a0-1378-gdefffd1ff6 (webtiles) character file.

Game seed: 1783951219373827524

7 mhtbhm the Digger (level 1, -2/10 HPs)
             Began as a Deep Elf Earth Elementalist on June 29, 2021.
             Was a Follower of Vehumet.
             Slain by a fire bat (8 damage)
             ... in the Dungeon (Sprint VII: "The Pits").
             The game lasted 00:00:32 (335 turns).

mhtbhm the Digger (Deep Elf Earth Elementalist)      Turns: 335, Time: 00:00:33

Health: -2/10      AC:  2    Str:  5    XL:     1   Next: 91%
Magic:  5/6        EV: 13    Int: 19    God:    Vehumet [*.....]
Gold:   0          SH:  0    Dex: 15    Spells: 5/6 levels left

rFire    . . .     SeeInvis .   l - +2 quarterstaff
rCold    . . .     Faith    .   (shield currently unavailable)
rNeg     . . .     Spirit   .   b - +0 robe
rPois    .         Reflect  .   (no helmet)
rElec    .         Harm     .   (no cloak)
rCorr    .         Rampage  .   (no gloves)
Will     .....     NoTele   +   (no boots)
Stlth    ++........             (no amulet)
HPRegen  0.03/turn              (no ring)
MPRegen  0.10/turn              (no ring)

@: no status effects
A: no striking features
a: Renounce Religion


You were in the Dungeon.
You worshipped Vehumet.
Vehumet was aware of your devotion.
You visited 1 branch

Inventory:

Hand Weapons
 l - a +2 quarterstaff (weapon)
Missiles
 i - 30 stones
Armour
 b - a +0 robe (worn)
Scrolls
 h - a scroll of blinking
 j - 5 scrolls of amnesia
 k - a scroll of summoning
Potions
 a - 2 potions of invisibility
 c - a potion of curing
 d - a potion of heal wounds
 e - a potion of haste
 f - 4 potions of magic
 g - 3 potions of berserk rage


   Skills:
 + Level 2.8 Dodging
 + Level 2.5 Stealth
 + Level 3.3 Spellcasting
 + Level 1.1 Transmutations
 + Level 5.0 Earth Magic


You had 5 spell levels left.
You knew the following spells:

 Your Spells              Type           Power      Damage    Failure   Level
a - Sandblast             Erth           44%        2d11      1%          1

Your spell library contained the following spells:

 Spells                   Type           Power      Damage    Failure   Level
 Shock                    Conj/Air       12%        1d3       14%         1
 Passwall                 Tmut/Erth      11%        N/A       6%          2
 Stone Arrow              Conj/Erth      24%        3d8       16%         3
 Petrify                  Tmut/Erth      14%        N/A       38%         4
 Lee's Rapid Deconstruct  Erth           11%        3d9*      45%         5


Dungeon Overview and Level Annotations

Branches:
Dungeon (1/1)

Altars:
Ashenzari
Cheibriados
Dithmenos
Elyvilon
Fedhas
Gozag
Hepliaklqana
Kikubaaqudgha
Makhleb
Nemelex Xobeh
Okawaru
Qazlal
Ru
Sif Muna
Trog
Uskayaw
Vehumet
Wu Jian
Xom
Yredelemnul
Zin
The Shining One
Beogh
Jiyva
Lugonu


Message History

Aim: a giant cockroach (81% to hit)
The blast of sand hits the giant cockroach!
You kill the giant cockroach!
Vehumet accepts your kill.
Your Earth Magic skill increases to level 5!
Unknown command.
You start resting.
Magic restored.
You see here a giant cockroach corpse.
You open the large door.
A jackal skeleton comes into view.
Unknown command.
You see here a giant cockroach corpse.
There is an open door here.
Casting: Sandblast (safe; 1% risk of failure)
Confirm with . or Enter, or press ? or * to list all spells.
Aiming: Sandblast (safe; 1% risk of failure)
Press: ? - help, Shift-Dir - straight line, f - jackal skeleton
Aim: a jackal skeleton (93% to hit)
The blast of sand hits the jackal skeleton!!
You destroy the jackal skeleton!
Vehumet accepts your kill.
You feel your power returning.
You start waiting.
Done waiting.
There is an open door here.
You see here a giant cockroach corpse.
A fire bat, a rat and a floating eye come into view.
There is a large open door here.
Unknown command.
Casting: Sandblast (safe; 1% risk of failure)
Confirm with . or Enter, or press ? or * to list all spells.
Aiming: Sandblast (safe; 1% risk of failure)
Press: ? - help, Shift-Dir - straight line, f - fire bat
Aim: a fire bat (asleep, 100% to hit)
The blast of sand hits the fire bat!
The fire bat is moderately wounded.
The fire bat bites you.
You are engulfed in flames!
Ouch! That really hurt!
You die...

#.?..')))'.##......#..
##########.##.........
#.........†.'.........
#+#####†#####......#..
#.r#..)'.##.........
#..#...#.#####'#####
#..#####.##.......#
#..'..†#.##.......#
#..@..†'.##.......#
#.b########...<...#
#.. #.......# #G.
#.......# ###
#.......# #########


You could see a fire bat, a floating eye (wandering) and a rat (asleep).

Vanquished Creatures
  An orc (D)
  2 ball pythons (D)
  A giant cockroach (D)
  A hobgoblin (D)
  A jackal skeleton (D)
6 creatures vanquished.

Notes
Turn   | Place    | Note
-------+----------+-------------------------------------------
     0 | D        | mhtbhm the Deep Elf Earth Elementalist began the quest for
                  | the Orb.
     0 | D        | Reached XP level 1. HP: 10/10 MP: 6/6
    18 | D        | Found a bloodstained altar of Trog.
    18 | D        | Found a shimmering blue altar of Sif Muna.
    18 | D        | Found a viscous altar of Jiyva.
    18 | D        | Found a hazy altar of Hepliaklqana.
    18 | D        | Found an opulent altar of Gozag.
    19 | D        | Found a glowing golden altar of the Shining One.
    19 | D        | Found a glowing silver altar of Zin.
    19 | D        | Found a basalt altar of Yredelemnul.
    19 | D        | Found a shimmering altar of Xom.
    19 | D        | Found an ornate altar of the Wu Jian Council.
    19 | D        | Found a sacrificial altar of Ru.
    19 | D        | Found a stormy altar of Qazlal.
    19 | D        | Found an iron altar of Okawaru.
    19 | D        | Found a sparkling altar of Nemelex Xobeh.
    19 | D        | Found a burning altar of Makhleb.
    19 | D        | Found a blossoming altar of Fedhas.
    19 | D        | Found a white marble altar of Elyvilon.
    19 | D        | Found a shadowy altar of Dithmenos.
    19 | D        | Found a snail-covered altar of Cheibriados.
    21 | D        | Found a radiant altar of Vehumet.
    21 | D        | Found a corrupted altar of Lugonu.
    22 | D        | Found a hide-covered altar of Uskayaw.
    22 | D        | Found an ancient bone altar of Kikubaaqudgha.
    22 | D        | Found a broken altar of Ashenzari.
    31 | D        | Became a worshipper of Vehumet
    74 | D        | Reached skill level 4 in Earth Magic
   191 | D        | Reached * piety under Vehumet
   191 | D        | Offered knowledge of Shock by Vehumet.
   195 | D        | Reached skill level 5 in Earth Magic
   334 | D        | Noticed a floating eye
   334 | D        | Noticed a fire bat
   335 | D        | Slain by a fire bat

Illustrated notes

Levels and vault maps discovered:
D:        pitsprint [storerooms_1, entrance_room_1, metal_vault_6, armoury_2,
          mini_pit_1, grid_room_1, main_hall_1, silver_pit, the_coven_3,
          the_vestibule_1, steel_vault_2, golden_pit, hallway_of_sentries,
          crystal_vault_2, iron_vault_1, final_vault]

Skill      XL: |  1 |
---------------+----+-----
Earth Magic    | 5 |  5.0
Dodging        | |  2.8
Stealth        | |  2.5
Spellcasting   | |  3.3
Transmutations | |  1.1

Action                   || total
-------------------------++-------
 Cast: Sandblast         ||    10
Armor: Robe              ||     1

Table legend: (Time is in decaauts)
 A = Elapsed time spent in this place.
 B = Non-inter-level travel time spent in this place.
 C = Inter-level travel time spent in this place.
 D = Time resting spent in this place.
 E = Time spent auto-exploring this place.
 F = Levels seen in this place.
 G = Mean time per level.
                   A        B        C        D        E       F      G
               +--------+--------+--------+--------+--------+-----+--------+
         Total |    334 |    334 |      0 |    230 |      0 |   1 |  334.0 |
       Dungeon |    334 |    334 |      0 |    230 |      0 |   1 |  334.0 |
               +--------+--------+--------+--------+--------+-----+--------+

Top non-repeatable levels by time:
       D: 334 daAuts
